 Dungeon Crawl Stone Soup version 0.30-a0-629-gd54f4be4f7 (webtiles) character file.

Game seed: 2657687875984220456

1297 kae the Changer (level 8, 0/64 HPs)
             Began as a Demonspawn Transmuter on Jan 12, 2023.
             Was an Initiate of Ru.
             Slain by Pikel
             ... wielding a +2 whip of freezing
              (7 damage)
             ... on level 6 of the Dungeon.
             The game lasted 00:07:27 (5876 turns).

kae the Changer (Demonspawn Transmuter)             Turns: 5876, Time: 00:07:28

Health: 0/64       AC:  7    Str: 12    XL:     8   Next: 31%
Magic:  11/14      EV: 10    Int: 16    God:    Ru [......]
Gold:   217        SH:  5    Dex: 13    Spells: 5/15 levels left

rFire   x . .      SeeInvis .      - Unarmed
rCold   + + +      Faith    .    (shield currently unavailable)
rNeg    . . .      Spirit   .    (body armour currently unavailable)
rPois   +          Reflect  +    (helmet currently unavailable)
rElec   .          Harm     .    (cloak currently unavailable)
rCorr   .          Rampage  .    (gloves currently unavailable)
Will    .....                    (boots currently unavailable)
Stlth   +                        i - amulet of reflection
HPRegen 0.30/turn                (no ring)
MPRegen 0.14/turn                (no ring)

@: ice-form, wereblooded (expiring)
A: freezing attack, amphibious, boosted hp, large, (antennae 1), (large bone
plates 2), foul stench 1, (spiny 1)
a: End Transformation, Renounce Religion, Sacrifice Arcana, Sacrifice Drink,
Sacrifice Skill, Reject Sacrifices


You were on level 6 of the Dungeon.
You worshipped Ru.
Ru was noncommittal.
You were a creature of crystalline ice.
You visited 2 branches of the dungeon, and saw 7 of its levels.

You collected 257 gold pieces.
You spent 40 gold pieces at shops.


Innate Abilities, Weirdness & Mutations

You are a creature of crystalline ice.
You have a powerful freezing melee attack.
You are amphibious.
Your maximum health is increased.
Your armour is entirely melded.
You are incapable of wielding weapons or throwing items.
((You have a pair of small antennae on your head.))
((You are mostly covered in large bone plates. (SH +6)))
You may rarely emit foul miasma when damaged in melee.
((You are partially covered in sharp spines.))


   Skills:
 - Level 1.0 Fighting
 - Level 1.7 Dodging
 + Level 4.7 Unarmed Combat
 + Level 4.2 Spellcasting
 * Level 5.7 Transmutations
 * Level 4.2 Ice Magic
 - Level 2.0 Poison Magic


You had 5 spell levels left.
You knew the following spells:

 Your Spells              Type           Power      Damage    Failure   Level
a - Beastly Appendage     Tmut           42%        N/A       1%          1
b - Wereblood             Tmut           21%        N/A       2%          2
c - Spider Form           Tmut/Pois      15%        N/A       10%         3
d - Ice Form              Ice/Tmut       19%        N/A       22%         4

Your spell library contained the following spells:

 Spells                   Type           Power      Damage    Failure   Level
 Sting                    Tmut/Pois      60%        1d6       3%          1
 Passwall                 Tmut/Erth      10%        N/A       8%          2
 Apportation              Tloc           6%         N/A       17%         1
 Necrotise                Necr           12%        1d4       17%         1
 Sandblast                Erth           6%         2d5       17%         1
 Summon Small Mammal      Summ           12%        N/A       17%         1
 Poisonous Vapours        Pois/Air       12%        N/A       17%         2
 Cigotuvi's Dreadful Rot  Necr/Pois/Air  10%        N/A       19%         2
 Mephitic Cloud           Conj/Pois/Air  5%         N/A       36%         3
 Stone Arrow              Conj/Erth      6%         3d7       45%         3
 Olgreb's Toxic Radiance  Pois           9%         N/A       58%         4
 Animate Dead             Necr           3%         N/A       86%         4
 Borgnjor's Vile Clutch   Necr/Erth      1%         N/A       99%         5
 Death Channel            Necr           1%         N/A       100%        6

Inventory:

Missiles
 d - 64 stones
 g - 2 atropa-tipped darts
 m - 6 poisoned darts
 z - a throwing net {=f!f}
Armour
 a - a +1 robe (melded)
 j - a +0 pair of gloves (melded)
   (You found it on level 2 of the Dungeon)
Jewellery
 i - an amulet of reflection (around neck)
   (You found it on level 1 of the Dungeon)
Wands
 s - a wand of quicksilver (4)
   (You found it on level 4 of the Dungeon)
 t - a wand of polymorph (3)
   (You found it on level 4 of the Dungeon)
Scrolls
 l - 3 scrolls of magic mapping {!r}
 r - a scroll of immolation {!r!r}
 w - a scroll of noise {unknown}
 x - a scroll of brand weapon {unknown}
 y - a scroll of identify {@r1}
Potions
 b - a potion of lignification {!q}
 c - 3 potions of curing {@q1}
 e - a potion of berserk rage {unknown}
 f - a potion of cancellation {unknown}
 h - 4 potions of flight {unknown}
 k - a potion of resistance
 n - 2 potions of ambrosia {unknown}
 o - 2 potions of invisibility {unknown}
 p - a potion of magic
 q - a potion of heal wounds {unknown}
 u - 2 potions of degeneration {!q}
 v - 2 potions of brilliance {unknown}
 A - a potion of haste {unknown}

Dungeon Overview and Level Annotations

Branches:
Dungeon (6/15) Zot: 26112  Temple (1/1) D:4 Zot: 5942

Altars:
Cheibriados
Dithmenos
Fedhas
Gozag
Hepliaklqana
Kikubaaqudgha
Makhleb
Nemelex Xobeh
Okawaru
Qazlal
Ru
Sif Muna
Trog
Uskayaw
Vehumet
Wu Jian
Xom
Yredelemnul
Lugonu

Shops:
D:1 *:?**

Annotations:
D:6 Pikel

#....
#......# #..
#....
#......# #..
#....
###'#### ##'
#.... #.# #.
#K#....## #.#
#. #.5.5.5.#
#.#########.
#.#
#.##........
#.###########
#.##.######.
#...5.555KY.#
#..#.#.....)
###########.#
##.#.#.###..
#.#
#.#.#.#....
#.#
#.#.#......
#.#
#.#.######.
#^#
#.#........
#.#
#.#########
#.# #.# #.#
#.#


You could see Pikel and 4 lemures.


Message History

There are monsters nearby!
There are monsters nearby!
Casting: Wereblood (safe; 2% risk of failure)
Confirm with . or Enter, or press ? or * to list all spells.
The spell is quite dangerous to miscast (22% risk of failure)!
Continue anyway? [Y]es or [N]o only, please.
The spell is quite dangerous to miscast (22% risk of failure)!
Continue anyway?
You turn into a creature of crystalline ice.
Your +0 pair of gloves melds into your body.
Your +1 robe melds into your body. 😎 HP[+10] MP[-4]
You now have 64 max hp (+10).
Your hp is fully restored (64).
You lost 4 mp, and now have 10/14 mp.
Casting: Ice Form (dangerous; 22% risk of failure)
Confirm with . or Enter, or press ? or * to list all spells.
Your blood is infused with primal strength.
The lemure hits you but does no damage. The lemure hits you.
Pikel says, "I just want to get paid!" 😕 HP[-4] MP[-2]
You take 4 damage, and now have 60/64 hp.
You lost 2 mp, and now have 8/14 mp.
You completely miss the lemure. The lemure hits you.
You emit a cloud of foul miasma! 😕 HP[-4]
You take 4 damage, and now have 56/64 hp.
You barely miss the lemure. The lemure misses you.
Unknown command.
You hit the lemure. You freeze the lemure. The lemure hits you! 😕 HP[-7]
You take 7 damage, and now have 49/64 hp.
Unknown command.
You hit the lemure. You freeze the lemure. 😕 HP[+1] MP[+1]
You hit the lemure but do no damage.
A lemure comes into view.
The lemure misses you.
Unknown command.
You hit the lemure. You freeze the lemure. The lemure hits you. 😮 HP[-6]
You take 6 damage, and now have 44/64 hp.
Unknown command.
You hit the lemure but do no damage. The lemure hits you.
You closely miss the lemure. The lemure hits you but does no damage.
Unknown command.
You punch the lemure! You freeze the lemure.
Unknown command.
You barely miss Pikel.
Unknown command.
You hit Pikel. You freeze Pikel.
Pikel closely misses you. 😮 HP[+1] Unknown command.
You hit Pikel. You freeze Pikel.
Pikel hits you with a +2 whip of freezing. 😮 HP[-6] MP[+1]
You take 6 damage, and now have 39/64 hp.
You hit Pikel but do no damage.
Pikel hits you with a +2 whip of freezing!
* * * LOW HITPOINT WARNING * * *
😨 HP[-9]
You take 9 damage, and now have 30/64 hp.
You hit Pikel but do no damage.
Pikel hits you with a +2 whip of freezing!
* * * LOW HITPOINT WARNING * * *
😨 HP[-10]
You take 10 damage, and now have 20/64 hp.
Unknown command.
You closely miss Pikel. You block Pikel's attack.
You hit Pikel. You freeze Pikel.
Unknown command.
Unknown command.
You hit Pikel. You freeze Pikel. You block Pikel's attack.
Unknown command.
You hit Pikel but do no damage.
Your primal bloodlust is almost over.
Pikel closely misses you. 😨 HP[+1] Unknown command.
You hit Pikel but do no damage.
Pikel hits you with a +2 whip of freezing!
* * * LOW HITPOINT WARNING * * *
😱 HP[-9]
You take 9 damage, and now have 12/64 hp.
Unknown command.
You closely miss Pikel.
Pikel hits you with a +2 whip of freezing!
* * * LOW HITPOINT WARNING * * *
Pikel freezes you.
* * * LOW HITPOINT WARNING * * *
😱 HP[-11] MP[+1]
You take 11 damage, and now have 1/64 hp.
Unknown command.
You feel better. You block Pikel's attack. 😱 HP[+5]
You regained 5 hp, and now have 6/64 hp.
Okay, then. 😱 HP[+1]
You closely miss Pikel.
Pikel hits you with a +2 whip of freezing!
You die...

Skill      XL: |  1  2  3  4  5  6  7  8 |
---------------+-------------------------+-----
Transmutations | 2 3 4 5 |  5.7
Unarmed Combat | 3 4 |  4.7
Poison Magic   | 1 2 |  2.0
Spellcasting   | 3 4 |  4.2
Ice Magic      | 1 2 3 4 |  4.2
Fighting       | |  1.0
Dodging        | |  1.7

Action                   |  1- 3 |  4- 6 |  7- 9 || total
-------------------------+-------+-------+-------++-------
Melee: Unarmed           |   186 |   155 |    99 ||   440
       Headbutt          |     4 |       |       ||     4
       Kick              |    36 |     9 |       ||    45
       Punch             |     5 |     1 |       ||     6
 Cast: Beastly Appendage |    34 |    15 |     1 ||    50
       Spider Form       |       |    10 |     4 ||    14
       Wereblood         |       |     1 |     3 ||     4
       Ice Form          |       |       |     7 ||     7
  Use: Scroll            |     5 |     2 |     5 ||    12
       Potion            |       |       |     2 ||     2
 Stab: Sleeping          |     1 |     1 |       ||     2
Armor: Robe              |    45 |    14 |     2 ||    61
       Skin              |       |     4 |    14 ||    18
Dodge: Dodged            |   110 |    69 |    47 ||   226
Block: Other             |    51 |    52 |    17 ||   120
       Reflection        |     2 |       |       ||     2

Levels and vault maps discovered:
D:1:      dpeg_arrival_another_circle, layout_basic, serial_shops,
          nicolae_shop_statue_plus, shop_fountains, nicolae_shop_waterfront,
          nicolae_shop_hallway_stairs, shop, minmay_splitting_lines
D:2:      layout_loops_ring, chequers_ecumenical_altar_island
D:3:      kennysheep_six_static_rooms, layout_rooms,
          nicolae_overflow_hidden_temple, lemuel_tele_altar,
          minmay_misc_feat_cross, corexii_shack, kennysheep_generic_room_11
D:4:      layout_loops_corners, chequers_temple_overflow_minitemple,
          temple_hall, serial_aquarium, aquarium_bridge_square
          [aquarium_subvault_window, aquarium_subvault_wall,
          aquarium_subvault_bridge, aquarium_subvault_window],
          aquarium_window_1, aquarium_window_corridor_3, aquarium_window_fake,
          aquarium_view_4, aquarium_view_2e
D:5:      layout_gridville, grunt_temple_overflow_lords_of_destruction,
          chequers_temple_overflow_statue_of_worship
D:6:      layout_basic, uniq_pikel
Temple:   corrupted_temple

Notes
Turn   | Place    | Note
-------+----------+-------------------------------------------
     0 | D:1      | kae the Demonspawn Transmuter began the quest for the Orb.
     0 | D:1      | Reached XP level 1. HP: 15/15 MP: 3/3
     0 | D:1      | magus.rc [v1.11.3]
   160 | D:1      | Found Jottaidd's Book Emporium.
   228 | D:1      | Reached skill level 2 in Transmutations
   247 | D:1      | Found Jyogastre's Magic Scroll Emporium.
   304 | D:1      | Gained mutation: You have a pair of small antennae on your
                  | head. [demonic ancestry]
   304 | D:1      | Reached XP level 2. HP: 21/21 MP: 3/5
   422 | D:1      | Found Jusudghya's Assorted Antiques.
   544 | D:1      | Found Lauhy's General Store.
   561 | D:1      | Found Mouheu's General Store.
   628 | D:1      | You pick up a book of Geomancy and begin reading...
   628 | D:1      | You add the spells Sandblast, Passwall and Stone Arrow to
                  | your library.
   678 | D:1      | You pick up a book of Cantrips and begin reading...
   678 | D:1      | You add the spells Necrotise, Summon Small Mammal and
                  | Apportation to your library.
   747 | D:1      | Reached skill level 3 in Unarmed Combat
  1033 | D:1      | Bought an inky potion for 20 gold pieces
  1033 | D:1      | Bought an inky potion for 20 gold pieces
  1065 | D:2      | You pick up a book of Unlife and begin reading...
  1065 | D:2      | You add the spells Animate Dead, Borgnjor's Vile Clutch and
                  | Death Channel to your library.
  1097 | D:1      | Gained mutation: You are partially covered in large bone
                  | plates. (SH +4) [demonic ancestry]
  1097 | D:1      | Reached XP level 3. HP: 16/26 MP: 6/6
  1101 | D:1      | Learned a level 3 spell: Spider Form
  1227 | D:2      | Found a faded altar of an unknown god.
  1308 | D:2      | Learned a level 2 spell: Wereblood
  1782 | D:3      | Found an iron altar of Okawaru.
  1811 | D:3      | Reached skill level 1 in Poison Magic
  1891 | D:3      | Reached XP level 4. HP: 32/32 MP: 5/7
  1947 | D:3      | Reached skill level 3 in Transmutations
  1997 | D:3      | Found a shimmering blue altar of Sif Muna.
  2362 | D:3      | You add the spells Sting, Poisonous Vapours and Olgreb's
                  | Toxic Radiance to your library.
  2963 | D:4      | Reached skill level 2 in Poison Magic
  2963 | D:4      | Gained mutation: You may rarely emit foul miasma when
                  | damaged in melee. [demonic ancestry]
  2963 | D:4      | Reached XP level 5. HP: 37/37 MP: 5/9
  2988 | D:4      | Reached skill level 3 in Spellcasting
  3113 | D:4      | Learned a level 4 spell: Ice Form
  3362 | D:4      | Found a staircase to the Ecumenical Temple.
  3371 | Temple   | Entered the Ecumenical Temple
  3411 | Temple   | Became a worshipper of Ru the Awakened
  3799 | D:4      | Found an ornate altar of the Wu Jian Council.
  3799 | D:4      | Found a blossoming altar of Fedhas.
  3806 | D:4      | Found an opulent altar of Gozag.
  3808 | D:4      | Found a stormy altar of Qazlal.
  3810 | D:4      | Found an ancient bone altar of Kikubaaqudgha.
  3895 | D:5      | Entered Level 5 of the Dungeon
  3895 | D:5      | Noticed a black bear
  3907 | D:5      | Killed a black bear
  3908 | D:5      | Reached skill level 4 in Transmutations
  3908 | D:5      | Reached skill level 1 in Ice Magic
  3908 | D:5      | Reached XP level 6. HP: 24/43 MP: 7/10
  3985 | D:5      | Found a snail-covered altar of Cheibriados.
  4047 | D:5      | Found a radiant altar of Vehumet.
  4048 | D:5      | Found a burning altar of Makhleb.
  4275 | D:5      | You pick up a book of Vapours and begin reading...
  4275 | D:5      | You add the spells Cigotuvi's Dreadful Rot and Mephitic
                  | Cloud to your library.
  4348 | D:5      | Reached skill level 4 in Unarmed Combat
  4348 | D:5      | Reached skill level 2 in Ice Magic
  4348 | D:5      | Gained mutation: You are mostly covered in large bone
                  | plates. (SH +6) [demonic ancestry]
  4348 | D:5      | Reached XP level 7. HP: 48/48 MP: 7/12
  5058 | D:6      | HP: 12/48 [phantom (2)]
  5073 | D:5      | Reached skill level 5 in Transmutations
  5073 | D:5      | Reached skill level 3 in Ice Magic
  5357 | D:6      | Reached skill level 4 in Spellcasting
  5357 | D:6      | Gained mutation: You are partially covered in sharp spines.
                  | [demonic ancestry]
  5357 | D:6      | Reached XP level 8. HP: 54/54 MP: 8/14
  5623 | D:6      | Reached skill level 4 in Ice Magic
  5841 | D:6      | Noticed Pikel
  5872 | D:6      | HP: 12/64 [Pikel/+2 whip of freezing (9)]
  5873 | D:6      | HP: 2/64 [Pikel/+2 whip of freezing (10)]
  5876 | D:6      | Slain by Pikel

Vanquished Creatures
  A water moccasin (D:6)
  An ice beast (D:6)
  2 black bears (D:5)
  An orc warrior (D:6)
  An ogre (D:5)
  A centaur (D:6)
  A phantom (D:5)
  A bullfrog (D:6)
  A scorpion (D:6)
  A crimson imp (D:5)
  A gnoll bouda (D:6)
  A jelly (D:4)
  3 orc priests
  3 iguanas (D:5)
  2 orc wizards (D:4)
  3 gnolls (D:6)
  3 adders
  An ufetubus (D:5)
  3 worms
  A dart slug (D:1)
  10 orcs
  5 endoplasms
  5 giant cockroaches
  8 goblins
  7 hobgoblins
  2 jackals (D:2)
  5 quokkas
  5 ball pythons
  12 bats
  6 frilled lizards
  4 kobolds
  4 rats
105 creatures vanquished.

Table legend:
 A = Non-vault XP
 B = Vault XP
 C = Vault XP percentage of total XP
 D = Non-vault monster count
 E = Vault monster count
 F = Vault count percentage of total count
                 A         B        C        D         E       F
            +---------+---------+-------+---------+---------+-------
      Total |    1781 |      72 |   3.9 |      97 |       8 |   7.6
            +---------+---------+-------+---------+---------+-------
        D:1 |      43 |       0 |   0.0 |      24 |       0 |   0.0
        D:2 |      47 |       0 |   0.0 |      20 |       0 |   0.0
        D:3 |      35 |      22 |  38.6 |      15 |       7 |  31.8
        D:4 |     223 |       0 |   0.0 |      15 |       0 |   0.0
        D:5 |     598 |      50 |   7.7 |       8 |       1 |  11.1
        D:6 |     835 |       0 |   0.0 |      15 |       0 |   0.0
            +---------+---------+-------+---------+---------+-------

Illustrated notes

Table legend:
 A = Kills in this place as a percentage of kills in entire the game.
 B = Kills by you in this place as a percentage of kills by you in the entire game.
 C = Kills by friends in this place as a percentage of kills by friends in the entire game.
 D = Other kills in this place as a percentage of other kills in the entire game.
 E = Experience gained in this place as a percentage of experience gained in the entire game.
 F = Experience gained in this place divided by the number of levels of this place that you have seen.
                   A       B       C       D       E      F
               +-------+-------+-------+-------+-------+----------------------
         Total | 100.0 | 100.0 |   N/A |   N/A | 100.0 | 264.7
       Dungeon | 100.0 | 100.0 |   N/A |   N/A | 100.0 | 308.8
               +-------+-------+-------+-------+-------+----------------------

Table legend: (Time is in decaauts)
 A = Elapsed time spent in this place.
 B = Non-inter-level travel time spent in this place.
 C = Inter-level travel time spent in this place.
 D = Time resting spent in this place.
 E = Time spent auto-exploring this place.
 F = Levels seen in this place.
 G = Mean time per level.
                   A        B        C        D        E       F      G
               +--------+--------+--------+--------+--------+-----+--------+
         Total |   5855 |   5656 |    199 |    205 |   4367 |   7 |  836.4 |
       Dungeon |   5797 |   5614 |    183 |    205 |   4342 |   6 |  966.2 |
        Temple |     57 |     42 |     15 |      0 |     24 |   1 |   57.0 |
               +--------+--------+--------+--------+--------+-----+--------+

Top non-repeatable levels by time:
     D:4: 1298 daAuts
     D:5: 1152 daAuts
     D:1: 1109 daAuts
     D:3: 830 daAuts
     D:6: 768 daAuts
     D:2: 637 daAuts
  Temple: 57 daAuts
